 Dungeon Crawl Stone Soup version 0.21.1-1-g345015f (webtiles) character file.

33536 nicolaieve the Peltast (level 13, -1/111 HPs)
             Began as a Minotaur Berserker on July 25, 2018.
             Was the Champion of Trog.
             Slain by a wolf (4 damage)
             ... on level 4 of the Lair of Beasts.
             The game lasted 00:55:56 (14462 turns).

nicolaieve the Peltast (Minotaur Berserker)        Turns: 14462, Time: 00:55:57

Health: -1/111     AC: 13    Str: 23    XL:     13   Next: 37%
Magic:  0/4        EV:  2    Int:  4    God:    Trog [******]
Gold:   853        SH:  0    Dex: 14    Spells: 12/12 levels left

rFire    . . .     SeeInvis +   R - +7 demon whip (antimagic)
rCold    . . .     Gourm    .   h - +0 large shield (curse)
rNeg     + + +     Faith    +   O - +0 plate armour
rPois    ∞         Spirit   +   (helmet restricted)
rElec    .         Reflect  .   W - scarf {Spirit}
rCorr    .         Harm     .   (no gloves)
MR       .....                  (no boots)
Stlth    ..........             K - amulet of faith (curse)
HPRegen  0.28/turn              b - ring of see invisible
MPRegen  0.09/turn              E - +3 ring of evasion

@: lethally poisoned (-1 -> -1), petrified
A: retaliatory headbutt, horns 2
a: Berserk, Trog's Hand, Brothers in Arms, Burn Spellbooks, Renounce Religion


You were on level 4 of the Lair of Beasts.
You worshipped Trog.
Trog was exalted by your worship.
You were near starving.

You visited 2 branches of the dungeon, and saw 16 of its levels.

You collected 853 gold pieces.

Inventory:

Hand Weapons
 y - the +5 whip of Trog's Envy {flame, Str+2 Int+2}
   (You found it on level 4 of the Dungeon)

   It has been specially enchanted to burn those struck by it, causing extra
   injury to most foes and up to half again as much damage against particularly
   susceptible opponents.
   It affects your strength (+2).
   It affects your intelligence (+2).
 I - a +0 whip of draining
 R - a +7 antimagic demon whip (weapon)
Armour
 h - a cursed +0 large shield (worn)
 x - a +0 cloak
 O - a +0 plate armour (worn)
 W - a scarf of spirit shield (worn)
Jewellery
 b - a ring of see invisible (left hand)
 E - a +3 ring of evasion (right hand)
 G - an uncursed ring of resist corrosion
 J - an uncursed ring of stealth
 K - a cursed amulet of faith (around neck)
 S - an uncursed amulet of magic regeneration {unknown}
Wands
 t - a wand of polymorph (30)
 w - a wand of scattershot (6)
 F - a wand of acid (7)
 H - a wand of enslavement (18)
 M - a wand of paralysis (33)
 T - a wand of iceblast (21)
Scrolls
 a - 5 scrolls of noise {unknown}
 e - 10 scrolls of remove curse {unknown}
 i - 3 scrolls of fear {unknown}
 l - 5 scrolls of enchant armour {unknown}
 m - 11 scrolls of identify {unknown}
 o - 8 scrolls of teleportation {unknown}
 r - 6 scrolls of enchant weapon {unknown}
 s - 3 scrolls of immolation {unknown}
 u - 2 scrolls of amnesia {unknown}
 z - a scroll of blinking {unknown}
 A - 3 scrolls of magic mapping {unknown}
 C - 3 scrolls of random uselessness {unknown}
 L - a scroll of fog {unknown}
Potions
 d - 6 potions of flight {unknown}
 f - 2 potions of ambrosia {unknown}
 g - 2 potions of degeneration {unknown}
 j - 2 potions of brilliance {unknown}
 k - 2 potions of resistance {unknown}
 n - 5 potions of curing {unknown}
 p - 3 potions of haste {unknown}
 q - 3 potions of invisibility {unknown}
 v - 2 potions of berserk rage {unknown}
 B - a potion of agility {unknown}
 D - 3 potions of might {unknown}
 N - 3 potions of mutation {unknown}
 P - a potion of cancellation {unknown}
 V - a potion of heal wounds
Books
 Q - a book of Maledictions

   Spells                             Type                      Level
   a - Corona                         Hexes                        1
   b - Ensorcelled Hibernation        Hexes/Ice                    2
   c - Confuse                        Hexes                        3
   d - Tukima's Dance                 Hexes                        3
   e - Dazzling Spray                 Conjuration/Hexes            3
   Trog disapproves of the use of such an item.
Comestibles
 c - 36 rations


   Skills:
 + Level 9.2 Fighting
 - Level 12.0 Maces & Flails
 + Level 8.5 Armour
 * Level 8.7 Dodging
 * Level 18.7 Shields


You had 12 spell levels left.
You didn't know any spells.

Dungeon Overview and Level Annotations

Branches:
Dungeon (12/15)            Temple (0/1) D:6            Lair (4/6) D:8
  Swamp (0/4) Lair:2        Snake (0/4) Lair:2          Orc (0/2) D:12

Altars:
Cheibriados
Dithmenos
Fedhas
Hepliaklqana
Kikubaaqudgha
Makhleb
Qazlal
Wu Jian


Innate Abilities, Weirdness & Mutations

You reflexively headbutt those who attack you in melee.
You have a pair of horns on your head.


Message History

The wolf barely misses you.
The spiny frog stings you but does no damage.
The wolf bites you.
* * * LOW HITPOINT WARNING * * *
The catoblepas breathes a plume of calcifying dust at you.
The blast of calcifying dust hits you! The wolf bites you!
* * * LOW HITPOINT WARNING * * *
The spiny frog stings you!
* * * LOW HITPOINT WARNING * * *
You are engulfed in calcifying dust.
The wolf barely misses you. The wolf bites you.
* * * LOW HITPOINT WARNING * * *
The catoblepas gores you.
* * * LOW HITPOINT WARNING * * *
The wolf bites you.
* * * LOW HITPOINT WARNING * * *
The spiny frog stings you!
* * * LOW HITPOINT WARNING * * *
You are engulfed in calcifying dust.
The wolf bites you!
You die...

........................
...<....................
........................
........................
......................P#
.......$.............###
.....................###
......hhh.............#.
..>...Y@§.§..........#..
......F.................
........................
......................>.
........................
.....#..#..###..#.....##
......###### ######.###
.....# ### P....


You could see a catoblepas, a spiny frog and 3 wolves.

Vanquished Creatures
  Gastronok (D:9)
  Erolcha (D:12)
  3 hydras
  5 two-headed ogres
  Nergalle (Lair:3)
  Sonja (Lair:2)
  4 skeletal warriors (D:12)
  A deep elf mage (D:12)
  2 cyclopes
  Maurice (D:9)
  8 spiny frogs
  3 black mambas
  2 komodo dragons
  A meliai (shapeshifter) (D:11)
  The ghost of MrElk the Slasher, an amateur MiBe of Trog (D:4)
  The ghost of Amon001 the Skirmisher, an amateur GnWn (D:5)
  A queen bee (D:12)
  2 trolls
  A hornet (D:10)
  10 blink frogs
  3 slime creatures (D:12)
  3 hippogriffs
  A shadow (D:11)
  A vampire (D:10)
  A wraith (D:11)
  8 yaks
  A basilisk (Lair:1)
  5 wyverns
  2 hungry ghosts
  A naga (Lair:2)
  5 water moccasins
  13 porcupines
  2 hell hounds (D:8)
  A swamp drake (Lair:2)
  4 phantoms
  6 orc warriors
  A sky beast (D:5)
  A black bear (D:8)
  A necrophage (D:12)
  3 ice beasts
  A hornet zombie (D:10)
  The ghost of buskinjo the Ruffian, an amateur DrTm (D:3)
  7 centaurs
  8 ogres
  2 crocodiles
  4 wolves
  A big kobold (D:12)
  7 bullfrogs
  A wyvern zombie (D:8)
  A water moccasin zombie (D:5)
  A wyvern skeleton (D:11)
  5 scorpions
  16 killer bees (D:12)
  7 wights
  An electric eel (Lair:1)
  4 crimson imps
  3 centaur zombies
  7 orc priests
  2 bullfrog skeletons
  7 hounds
  3 centaur skeletons
  A gnoll shaman (D:8)
  A jelly (D:8)
  6 orc wizards
  6 iguanas
  6 hell rats (Lair:2)
  4 worker ants
  A killer bee zombie (D:10)
  A hound zombie (D:11)
  A hound skeleton (D:6)
  A worker ant zombie (D:8)
  9 gnolls
  11 adders
  A shadow imp (D:5)
  2 oozes
  An adder zombie (D:6)
  7 worms
  2 dart slugs
  5 leopard geckos
  43 orcs
  A ball python (D:1)
  9 bats
  4 giant cockroaches
  6 goblins
  5 hobgoblins
  5 jackals
  4 quokkas
  12 frilled lizards
  12 kobolds
  A quokka skeleton (D:8)
  A quokka zombie (D:6)
  11 rats
382 creatures vanquished.

Vanquished Creatures (collateral kills)
  A skeletal warrior (D:12)
1 creature vanquished.

Vanquished Creatures (others)
  2 fungi (Lair:4)
2 creatures vanquished.

Grand Total: 385 creatures vanquished

Notes
Turn   | Place    | Note
-------+----------+-------------------------------------------
     0 | D:1      | nicolaieve the Minotaur Berserker began the quest for the Orb.
     0 | D:1      | Reached XP level 1. HP: 19/19 MP: 0/0
   107 | D:1      | Reached XP level 2. HP: 25/26 MP: 1/1
   556 | D:1      | Reached skill level 5 in Maces & Flails
   926 | D:2      | Reached XP level 3. HP: 31/31 MP: 2/2
   971 | D:2      | Reached skill level 1 in Shields
   973 | D:2      | Reached ** piety under Trog
  1245 | D:2      | Reached XP level 4. HP: 31/39 MP: 3/3
  1340 | D:2      | Reached skill level 2 in Shields
  2243 | D:3      | Reached *** piety under Trog
  2299 | D:3      | Reached XP level 5. HP: 45/45 MP: 4/4
  2363 | D:3      | Noticed buskinjo's ghost (amateur DrTm)
  2370 | D:3      | Killed buskinjo's ghost
  2370 | D:3      | Reached skill level 3 in Shields
  2879 | D:4      | Found a stormy altar of Qazlal.
  2880 | D:4      | Noticed MrElk's ghost (amateur MiBe)
  2890 | D:4      | Killed MrElk's ghost
  2890 | D:4      | Reached skill level 4 in Shields
  2890 | D:4      | Reached XP level 6. HP: 51/51 MP: 5/5
  3004 | D:4      | Got a dazzling whip
  3005 | D:4      | Identified the +5 whip of Trog's Envy {flame, Str+2 Int+2} (You found it on level 4 of the Dungeon)
  3186 | D:4      | Found an ornate altar of the Wu Jian Council.
  3187 | D:4      | Found a hazy altar of Hepliaklqana.
  3187 | D:4      | Found a snail-covered altar of Cheibriados.
  3188 | D:4      | Found a shadowy altar of Dithmenos.
  3265 | D:4      | Reached skill level 5 in Shields
  3265 | D:4      | Reached XP level 7. HP: 57/57 MP: 6/6
  3919 | D:5      | Entered Level 5 of the Dungeon
  4191 | D:5      | Noticed Amon001's ghost (amateur GnWn)
  4197 | D:5      | Killed Amon001's ghost
  4197 | D:5      | Reached skill level 10 in Maces & Flails
  4197 | D:5      | Reached XP level 8. HP: 64/64 MP: 7/7
  4630 | D:5      | Got a slimy helmet
  4870 | D:6      | Reached **** piety under Trog
  5065 | D:6      | Found a staircase to the Ecumenical Temple.
  5082 | D:6      | Found an ancient bone altar of Kikubaaqudgha.
  5120 | D:6      | Reached skill level 6 in Shields
  5816 | D:7      | Reached skill level 7 in Shields
  5816 | D:7      | Reached XP level 9. HP: 61/71 MP: 8/8
  6548 | D:8      | Noticed a two-headed ogre
  6560 | D:8      | Killed a two-headed ogre
  6560 | D:8      | Reached skill level 9 in Shields
  6678 | D:8      | Reached skill level 5 in Fighting
  6694 | D:8      | Found a burning altar of Makhleb.
  6757 | D:8      | Found a staircase to the Lair.
  6776 | D:8      | Reached skill level 10 in Shields
  7263 | D:8      | Reached ***** piety under Trog
  7354 | D:8      | Noticed a two-headed ogre
  7360 | D:8      | Killed a two-headed ogre
  7360 | D:8      | Reached skill level 11 in Shields
  7360 | D:8      | Reached XP level 10. HP: 81/81 MP: 9/9
  8009 | D:9      | Noticed a cyclops
  8021 | D:9      | Killed a cyclops
  8224 | D:9      | Reached skill level 12 in Shields
  8345 | D:9      | Noticed Maurice
  8360 | D:9      | Killed Maurice
  8360 | D:9      | Reached skill level 5 in Dodging
  8405 | D:9      | Found a blossoming altar of Fedhas.
  8446 | D:9      | Noticed Gastronok
  8462 | D:9      | Killed Gastronok
  8462 | D:9      | Reached skill level 5 in Armour
  8462 | D:9      | Reached skill level 13 in Shields
  8462 | D:9      | Reached XP level 11. HP: 91/91 MP: 10/10
  8671 | D:10     | Entered Level 10 of the Dungeon
  9287 | D:10     | Reached skill level 14 in Shields
  9485 | D:11     | Noticed a two-headed ogre
  9498 | D:11     | Killed a two-headed ogre
 10287 | D:12     | Reached skill level 15 in Shields
 10456 | D:12     | Noticed a two-headed ogre
 10459 | D:12     | Killed a two-headed ogre
 10518 | D:12     | Noticed a skeletal warrior
 10519 | D:12     | Noticed a skeletal warrior
 10522 | D:12     | Noticed a skeletal warrior
 10532 | D:12     | Noticed a skeletal warrior
 10533 | D:12     | Killed a skeletal warrior
 10534 | D:12     | Noticed a skeletal warrior
 10545 | D:12     | Noticed a two-headed ogre
 10562 | D:12     | Killed a skeletal warrior
 10727 | D:12     | Reached XP level 12. HP: 97/100 MP: 11/11
 10778 | D:12     | Received a gift from Trog
 10852 | D:12     | Killed a two-headed ogre
 10909 | D:12     | Reached skill level 16 in Shields
 11073 | D:12     | Found a staircase to the Orcish Mines.
 11213 | D:12     | Noticed Erolcha
 11220 | D:12     | Killed Erolcha
 11229 | D:12     | Reached ****** piety under Trog
 11480 | Lair:1   | Entered Level 1 of the Lair of Beasts
 11516 | Lair:1   | Reached skill level 17 in Shields
 11613 | Lair:1   | Noticed a five-headed hydra
 11636 | Lair:1   | Killed a five-headed hydra
 12321 | Lair:2   | Found a staircase to the Swamp.
 12344 | Lair:2   | Received a gift from Trog
 12372 | Lair:2   | Noticed Sonja
 12386 | Lair:2   | Killed Sonja
 12420 | Lair:2   | Noticed a seven-headed hydra
 12430 | Lair:2   | HP: 3/103 [seven-headed hydra (4)]
 12441 | Lair:2   | Killed a seven-headed hydra
 12441 | Lair:2   | Reached skill level 18 in Shields
 12441 | Lair:2   | Reached XP level 13. HP: 9/110 MP: 4/12
 12873 | Lair:2   | Found a staircase to the Snake Pit.
 13773 | Lair:3   | Noticed Nergalle
 13789 | Lair:3   | Killed Nergalle
 14441 | Lair:4   | Received a gift from Trog
 14461 | Lair:4   | HP: 3/111 [spiny frog (8)]
 14462 | Lair:4   | Slain by a wolf

Skill      XL: |  1  2  3  4  5  6  7  8  9 10 11 12 13 |
---------------+----------------------------------------+-----
Maces & Flails | 4 5 6 7 8 10 12 | 12.0
Shields        | 1 2 4 5 7 11 13 15 18 | 18.7
Fighting       | 4 5 6 7 8 9 |  9.2
Armour         | 4 5 6 7 8 |  8.5
Dodging        | 4 5 7 8 |  8.7

Action                   |  1- 3 |  4- 6 |  7- 9 | 10-12 | 13-15 || total
-------------------------+-------+-------+-------+-------+-------++-------
Melee: Mace              |    69 |       |       |       |       ||    69
       Headbutt          |    10 |    28 |    58 |   184 |    41 ||   321
       Whip              |    21 |   126 |   298 |   734 |       ||  1179
       Demon whip        |       |       |       |    35 |   168 ||   203
Invok: Berserk           |       |     2 |     4 |    10 |       ||    16
       Burn Spellbooks   |       |       |     1 |     3 |       ||     4
       Trog's Hand       |       |       |       |     2 |       ||     2
       Brothers in Arms  |       |       |       |     1 |       ||     1
  Use: Potion            |       |       |       |     4 |       ||     4
 Stab: Petrified         |       |       |       |       |     1 ||     1
  Eat: Chunk             |     1 |     8 |    17 |    21 |     2 ||    49
       Ration            |       |       |       |     2 |     1 ||     3
Armor: Animal skin       |     1 |       |       |       |       ||     1
       Scale mail        |    25 |     6 |       |       |       ||    31
       Chain mail        |       |    21 |    61 |    11 |       ||    93
       Plate armour      |       |       |       |    96 |    61 ||   157
Dodge: Dodged            |    23 |    14 |    37 |   121 |    42 ||   237
Block: Large shield      |    62 |    65 |   212 |   544 |   138 ||  1021
